 Dungeon Crawl Stone Soup version 0.19.0-2-gae57169 (webtiles) character file.

1444 Leybi the Grappler (level 8, -14/78 HPs)
             Began as a Troll Berserker on Nov 4, 2016.
             Was a Priest of Trog.
             Killed from afar by a steam dragon (19 damage)
             ... with a ball of steam
             ... on level 7 of the Dungeon.
             The game lasted 00:17:37 (5307 turns).

Leybi the Grappler (Troll Berserker)                Turns: 5307, Time: 00:17:38

Health: -14/78     AC:  6    Str: 28    XL:     8   Next: 46%
Magic:  7/7        EV: 11    Int:  3    God:    Trog [***...]
Gold:   400        SH:  0    Dex:  9    Spells: 0 memorised, 7 levels left

rFire  . . .     SeeInvis .       - Unarmed
rCold  . . .     Gourm    +     a - +0 animal skin
rNeg   . . .     Faith    .     (no shield)
rPois  .         Spirit   .     (helmet restricted)
rElec  .         Reflect  .     u - +0 cloak
rCorr  .         Harm     .     (gloves unavailable)
MR     ++...                    (boots unavailable)
Stlth  ++........               (no amulet)
                                (no ring)
                                (no ring)

@: starving, regenerating
A: unfitting armour, claws 3, fast metabolism 3, gourmand, regeneration 1,
shaggy fur 1, tough skin 2
a: Berserk, Trog's Hand, Burn Spellbooks, Renounce Religion


You were on level 7 of the Dungeon.
You worshipped Trog.
Trog was most pleased with you.
You were starving.

You visited 1 branch of the dungeon, and saw 7 of its levels.

You collected 400 gold pieces.

Inventory:

Hand Weapons
 y - a cursed -1 mace
 H - a +2 dire flail
 I - a +3 morningstar
Armour
 a - a +0 animal skin (worn)
 u - a +0 cloak (worn)
Jewellery
 g - an uncursed ring of ice
 l - an uncursed ring of fire {unknown}
 q - a -4 ring of strength
 D - an uncursed ring of protection from cold {unknown}
 G - a cursed ring of teleportation {unknown}
 J - a +3 ring of strength
 K - an uncursed ring of poison resistance {unknown}
Wands
 p - a wand of iceblast (5/15)
Scrolls
 c - a scroll of immolation {unknown}
 d - a scroll of identify {unknown}
 e - 7 scrolls of remove curse
 h - 3 scrolls of noise {unknown}
 j - 3 scrolls of recharging
 k - a scroll of enchant weapon {unknown}
 s - 3 scrolls of blinking {unknown}
 w - 4 scrolls of enchant armour {unknown}
 z - 2 scrolls of fear {unknown}
 A - 2 scrolls of magic mapping {unknown}
 B - a scroll of random uselessness {unknown}
 C - 3 scrolls of teleportation {unknown}
Potions
 i - 4 potions of heal wounds {unknown}
 m - 3 potions of lignification {unknown}
 n - a potion of degeneration {unknown}
 o - 2 potions of flight {unknown}
 t - a potion of mutation {unknown}
 v - 3 potions of brilliance {unknown}
 x - a potion of invisibility {unknown}
 E - a potion of might {unknown}
 F - a potion of haste {unknown}
 L - a potion of berserk rage {unknown}
Comestibles
 b - 7 bread rations
 f - a beef jerky
 r - 3 meat rations


   Skills:
 + Level 3.6 Fighting
 + Level 4.8 Dodging
 + Level 1.5 Stealth
 + Level 8.6 Unarmed Combat


You had 7 spell levels left.
You didn't know any spells.

Dungeon Overview and Level Annotations

Branches:
Dungeon (7/15)
 Temple: D:4-7

Altars:
Dithmenos
Elyvilon
Fedhas
Nemelex Xobeh
Ru
Sif Muna
Trog
The Shining One

Annotations:
D:3 exclusion: oklob plant


Innate Abilities, Weirdness & Mutations

You are too large for most types of armour.
You have claws for hands.
Your metabolism is lightning-fast.
You like to eat raw meat.
Your natural rate of healing is unusually fast.
You are covered in fur. (AC +1)
You have very tough skin. (AC +2)


Message History

Your skin crawls.
You feel resistant to hostile enchantments.
You are starving!
You are engulfed in a cloud of scalding steam.
* * * LOW HITPOINT WARNING * * *
The steam dragon bites you but does no damage.
The steam dragon barely misses you. The steam dragon bites you.
* * * LOW HITPOINT WARNING * * *
The steam dragon claws you but does no damage.
The steam dragon breathes steam at you. The ball of steam hits you!
* * * LOW HITPOINT WARNING * * *
You are engulfed in a cloud of scalding steam.
* * * LOW HITPOINT WARNING * * *
You are engulfed in a cloud of scalding steam.
* * * LOW HITPOINT WARNING * * *
The steam dragon breathes steam at you. The ball of steam hits you!
You die...

#.........#...##.....#.# ...
#.........#..........#.# ...
#.........#..........#### P..
#.........#...##.....##.##≈≈≈
..........#...##.....##..####
.######'###....#..........'..
#.........#.....######..
#........##§§D..##..##..
#......@§##.§...##(.....
#.<....§§DD§§...........
#........§§§............
###############§######..(###+####
#.........##############'## ....
#.......#.......#.........# ....
#.......#.......'......)..# ....
#.......#.......#.......((# ....
#.......#.......#.........# ....


You could see a steam dragon.

Vanquished Creatures
  An orc warrior (D:6)
  2 phantoms (D:4)
  A big kobold (D:7)
  A scorpion (D:5)
  5 wights (D:6)
  4 crimson imps
  A bullfrog zombie (D:6)
  A hound (D:4)
  6 orc wizards
  4 orc priests (D:5)
  An iguana (D:6)
  3 worker ants
  A killer bee zombie (D:5)
  A worker ant zombie (D:7)
  3 gnolls (D:6)
  A howler monkey skeleton (D:4)
  5 adders
  3 shadow imps (D:6)
  2 oozes
  3 worms
  3 dart slugs
  4 leopard geckos
  13 orcs
  2 ball pythons
  3 giant cockroaches
  6 goblins
  3 hobgoblins
  13 jackals
  2 quokkas (D:4)
  6 bats
  6 frilled lizards
  A jackal zombie (D:6)
  10 kobolds
  11 rats
  A fungus (D:7)
133 creatures vanquished.

Vanquished Creatures (others)
  A minotaur (D:1)
  A draconian (D:1)
  A gargoyle (D:1)
  An elf (D:1)
  2 trolls (D:1)
  3 vampires (D:1)
  A dwarf (D:1)
  An ogre (D:1)
  An orc wizard (D:3)
  An orc (D:1)
  A giant cockroach (D:3)
  A fungus (D:7)
  5 tentacles (D:1)
20 creatures vanquished.

Grand Total: 153 creatures vanquished

Notes
Turn   | Place    | Note
-------+----------+-------------------------------------------
     0 | D:1      | Leybi the Troll Berserker began the quest for the Orb.
     0 | D:1      | Reached XP level 1. HP: 22/22 MP: 0/0
     0 | D:1      | Noticed a vampire
     0 | D:1      | Noticed a troll
     0 | D:1      | Noticed a vampire
     0 | D:1      | Noticed a dwarf
     0 | D:1      | Noticed a draconian
     0 | D:1      | Noticed a gargoyle
     0 | D:1      | Noticed a kraken
     0 | D:1      | Noticed a minotaur
     0 | D:1      | Noticed an ogre
     0 | D:1      | Noticed a troll
     0 | D:1      | Noticed a vampire
     0 | D:1      | Noticed an elf
     3 | D:1      | Killed an ogre
     4 | D:1      | Killed an elf
     4 | D:1      | Killed a vampire
     5 | D:1      | Killed a troll
     6 | D:1      | Killed a dwarf
     6 | D:1      | Killed a minotaur
     8 | D:1      | Killed a gargoyle
     9 | D:1      | Killed a vampire
     9 | D:1      | Killed a draconian
    10 | D:1      | Killed a vampire
    11 | D:1      | Killed a troll
   402 | D:1      | Reached XP level 2. HP: 29/29 MP: 1/1
   796 | D:2      | Found a bloodstained altar of Trog.
   872 | D:2      | Reached XP level 3. HP: 32/36 MP: 2/2
  1333 | D:3      | Reached ** piety under Trog
  1387 | D:3      | Reached XP level 4. HP: 44/44 MP: 3/3
  1395 | D:3      | Found a sparkling altar of Nemelex Xobeh.
  1498 | D:3      | Found a blossoming altar of Fedhas.
  1528 | D:3      | Noticed an oklob plant
  1637 | D:3      | Reached skill level 4 in Unarmed Combat
  1652 | D:3      | Found a deep blue altar of Sif Muna.
  2148 | D:4      | Noticed a phantom
  2176 | D:4      | Killed a phantom
  2176 | D:4      | Reached skill level 5 in Unarmed Combat
  2176 | D:4      | Reached XP level 5. HP: 52/52 MP: 4/4
  2233 | D:4      | Noticed a phantom
  2251 | D:4      | Killed a phantom
  2251 | D:4      | Reached XP level 6. HP: 53/61 MP: 5/5
  2441 | D:4      | You fall through a shaft!
  2441 | D:5      | Entered Level 5 of the Dungeon
  2546 | D:5      | Reached skill level 6 in Unarmed Combat
  2559 | D:5      | Reached skill level 1 in Stealth
  2628 | D:5      | Reached *** piety under Trog
  2628 | D:5      | Reached XP level 7. HP: 65/67 MP: 6/6
  3355 | D:6      | Reached skill level 7 in Unarmed Combat
  3729 | D:6      | HP: 2/67 [wight/enchanted morningstar (9)]
  3766 | D:6      | Reached XP level 8. HP: 18/75 MP: 7/7
  4260 | D:6      | Reached skill level 8 in Unarmed Combat
  5004 | D:7      | Found a glowing golden altar of the Shining One.
  5005 | D:7      | Found a blossoming altar of Fedhas.
  5005 | D:7      | Found a shadowy altar of Dithmenos.
  5005 | D:7      | Found a white marble altar of Elyvilon.
  5006 | D:7      | Found a sacrificial altar of Ru.
  5306 | D:7      | HP: 2/78 [something] (5)]
  5307 | D:7      | Killed from afar by a steam dragon

Skill      XL: |  1  2  3  4  5  6  7  8 |
---------------+-------------------------+-----
Dodging        | 3 4 |  4.8
Unarmed Combat | 5 6 7 8 |  8.6
Fighting       | 3 |  3.6
Stealth        | 1 |  1.5

Action                   |  1- 3 |  4- 6 |  7- 9 || total
-------------------------+-------+-------+-------++-------
Melee: Unarmed           |    99 |   124 |   169 ||   392
       Punch             |     1 |     2 |     6 ||     9
Invok: Berserk           |       |     1 |     3 ||     4
       Trog's Hand       |       |       |     2 ||     2
  Use: Scroll            |       |     2 |       ||     2
 Stab: Sleeping          |       |     1 |     1 ||     2
  Eat: Chunk             |    18 |    12 |    16 ||    46
       Beef jerky        |       |       |     1 ||     1
Armor: Animal skin       |    32 |    41 |    51 ||   124
Dodge: Dodged            |    56 |    62 |    90 ||   208
